cohdb
Replays
Latest Replays
All Replays
Popular Replays
Top Player Replays
Match Explorer
How It Works
Community
CoH3 Stats
Reddit
Sign in to upload your games and track your stats! →
Sign in with Steam
Match 42479864
Unlisted
Match 42479864
Overview
Messages
Build Orders
End
Construct Barracks
Engineer Squad
Riflemen Squad
Riflemen Squad
Grenade Package
Riflemen Squad
Construct Medical Station
Selects Airborne Battlegroup
Selects Heavy Machine Gun Paradrop
Heavy Machine Gun Paradrop
Selects Paratrooper Squad Paradrop
Air Support Center
P-47 Dive Bomb
Selects Anti-tank Gun Team Paradrop
Construct Motor Pool
P-47 Strafing Run
Grasshopper Recon Run
Anti-tank Gun Team Paradrop
Selects Smoke Bombing Run
P-47 Dive Bomb
Paratrooper Squad Paradrop
P-47 Strafing Run
Heavy Machine Gun Paradrop
P-47 Dive Bomb
Grasshopper Recon Run
P-47 Strafing Run
P-47 Strafing Run
M24 Chaffee Light Tank
Grasshopper Recon Run
Heavy Machine Gun Paradrop
P-47 Strafing Run
Engineer Squad
.30 cal Machine Gun
P-47 Strafing Run
Riflemen Squad
M1918 Browning Automatic Rifles
XuZhongwei
Dieu Débilus
0
0
Comments
sign in to comment!
No comments posted yet!